 Dungeon Crawl Stone Soup version 0.17-a0-2147-gfb20a63 (webtiles) character file.

2207 tp1 the Thaumaturge (level 9, -1/45 HPs)
             Began as a Deep Elf Conjurer on Oct 24, 2015.
             Hit by a javelin thrown by an orc warrior (18 damage)
             ... on level 6 of the Dungeon.
             The game lasted 00:37:14 (8471 turns).

tp1 the Thaumaturge (Deep Elf Conjurer)             Turns: 8471, Time: 00:37:14

Health: -1/45      AC: 13    Str: 11    XL:     9   Next: 13%
Magic:  5/25       EV: 11    Int: 24    God:
Gold:   392        SH:  0    Dex: 19    Spells: 7 memorised, 5 levels left

rFire  . . .     SeeInvis .     (no weapon)
rCold  . . .     Clarity  .     K - +6 ring mail of Posiq {-Tele Str+6 Dex+4}
rNeg   . . .     SustAt   .     (no shield)
rPois  .         Gourm    .     (no helmet)
rElec  .         Spirit   .     (no cloak)
rCorr  .         Warding  .     p - +0 pair of gloves
rMut   +         NoTele   +     n - +0 pair of boots
MR     +....                    u - amulet of resist mutation
Stlth  ++........               (no ring)
                                y - ring of protection from magic

@: somewhat resistant to hostile enchantments, unstealthy
A: no striking features
a: no special abilities


You were on level 6 of the Dungeon.
You were hungry.

You visited 1 branch of the dungeon, and saw 6 of its levels.

You collected 392 gold pieces.

Inventory:

Hand Weapons
 f - a +0 short sword
Armour
 a - a +0 robe
 n - a +0 pair of boots (worn)
 p - a +0 pair of gloves (worn)
 G - a +0 pair of boots
 I - a +0 buckler
 K - the +6 ring mail of Posiq (worn) {-Tele Str+6 Dex+4}
   (You found it on level 6 of the Dungeon)

   It affects your strength (+6).
   It affects your dexterity (+4).
   It prevents most forms of teleportation.
Jewellery
 u - an amulet of resist mutation (around neck)
 v - an uncursed amulet of clarity
 y - a ring of protection from magic (left hand)
 D - an uncursed ring of ice
Wands
 x - a wand of teleportation (6)
Scrolls
 g - 2 scrolls of fog
 l - 2 scrolls of remove curse
 o - a scroll of amnesia
 q - a scroll of immolation
 s - 4 scrolls of teleportation
 t - a scroll of noise
 A - 2 scrolls of identify
 C - 2 scrolls of enchant armour {unknown}
 E - a scroll of random uselessness {unknown}
 F - a scroll of fear {unknown}
 H - a scroll of enchant weapon {unknown}
 J - 2 scrolls of recharging
Potions
 e - 3 potions of lignification {unknown}
 h - a potion of brilliance {unknown}
 j - 2 potions of curing {unknown}
 m - 4 potions of resistance {unknown}
 r - a potion of poison {unknown}
 z - 2 potions of degeneration {unknown}
 B - a potion of magic {unknown}
Books
 b - a book of Conjurations

   Spells                             Type                      Level
   a - Magic Dart                     Conjuration                  1
   b - Searing Ray                    Conjuration                  2
   c - Dazzling Spray                 Conjuration/Hexes            3
   d - Fulminant Prism                Conjuration/Hexes            4
   e - Iskenderun's Mystic Blast      Conjuration                  4
   f - Iskenderun's Battlesphere      Conjuration/Charms           5
 i - a book of Flames

   Spells                             Type                      Level
   a - Flame Tongue                   Conjuration/Fire             1
   b - Throw Flame                    Conjuration/Fire             2
   c - Conjure Flame                  Conjuration/Fire             3
   d - Inner Flame                    Hexes/Fire                   3
   e - Sticky Flame                   Conjuration/Fire             4
   f - Fireball                       Conjuration/Fire             5
Comestibles
 c - 6 bread rations
 d - 2 royal jellies
 k - 3 beef jerkies


   Skills:
 + Level 1.2 Armour
 - Level 2.4 Dodging
 - Level 2.4 Stealth
 - Level 10.1 Spellcasting
 - Level 8.0 Conjurations
 - Level 6.0 Charms
 - Level 6.0 Fire Magic


You had 5 spell levels left.
You knew the following spells:

 Your Spells              Type           Power        Failure   Level  Hunger
a - Magic Dart            Conj           ####         1%          1    None
b - Searing Ray           Conj           ######       1%          2    None
c - Dazzling Spray        Conj/Hex       ####....     10%         3    None
d - Iskenderun's Battles  Conj/Chrm      #####...     21%         5    ####...
e - Conjure Flame         Conj/Fire      #####...     1%          3    None
f - Sticky Flame          Conj/Fire      #####...     10%         4    #......
g - Fireball              Conj/Fire      #####.....   21%         5    ####...


Dungeon Overview and Level Annotations

Branches:
Dungeon (6/15)
 Temple: D:4-7

Altars:
Ashenzari
Cheibriados
Dithmenos
Fedhas
Gozag
Kikubaaqudgha
Ru
Sif Muna
Trog
Xom
Yredelemnul
The Shining One

Shops:
D:5 :


Message History

The orc warrior throws a javelin.
The javelin closely misses you.
The orc wizard points at you and mumbles some strange words.
The puff of flame hits you!
Casting: Magic Dart
Confirm with . or Enter, or press ? or * to list all spells.
You can't see any susceptible monsters within range! (Use Z to cast anyway.)
Casting: Magic Dart
Confirm with . or Enter, or press ? or * to list all spells.
Aiming: Magic Dart
Press: ? - help, Shift-Dir - straight line, f/p - orc warrior
Aim: an orc warrior, wielding a glaive and wearing a plate armour (almost dead)
The magic dart hits the orc warrior.
The orc warrior is almost dead.
The orc warrior throws a javelin.
The javelin completely misses you.
Your magical contamination has completely faded away.
Casting: Magic Dart
Confirm with . or Enter, or press ? or * to list all spells.
You conjure a globe of magical energy.
The orc warrior throws a javelin.
The javelin hits you!!
You die...

#####....#...................#
#........#...................#
#........#.............#......
#........#####.....(.###......
#.............#...... #......
#...................####......
#...........*.....#....#......
#...............ยง##...........
#.........###@....o.[.........
#.........'.+......)(.......[.
#.........###....##.o...#.....
####.[....# #.#..# #.#....#.#
######## #.#..####.###..#<#
#.#............###
#.#.#####.#......#
#.#.##...........#
#.#.##.##.........


You could see an orc warrior and an orc wizard.

Vanquished Creatures
  2 phantoms (D:4)
  A centaur (D:6)
  2 necrophages (D:5)
  5 ogres
  2 giant frogs
  3 scorpions
  5 wights (D:6)
  A giant frog zombie (D:6)
  A hound (D:6)
  A centaur zombie (D:5)
  A jelly (D:6)
  2 orc priests (D:6)
  Ijyb (D:3)
  A giant frog skeleton (D:4)
  A centaur skeleton (D:4)
  2 iguanas
  3 orc wizards
  9 worker ants
  A hound zombie (D:6)
  A gnoll (D:1)
  12 adders
  4 worms
  2 giant geckos
  22 orcs
  11 bats
  6 giant cockroaches
  10 hobgoblins
  3 jackals
  A giant gecko zombie (D:5)
  9 giant newts
  9 goblins
  A jackal skeleton (D:6)
  A jackal zombie (D:6)
  6 kobolds
  4 quokkas
  A quokka skeleton (D:4)
  12 rats
159 creatures vanquished.

Notes
Turn   | Place    | Note
--------------------------------------------------------------
     0 | D:1      | tp1 the Deep Elf Conjurer began the quest for the Orb.
     0 | D:1      | Reached XP level 1. HP: 10/10 MP: 6/6
   225 | D:1      | Reached XP level 2. HP: 15/15 MP: 3/9
  1415 | D:1      | Reached XP level 3. HP: 19/19 MP: 6/11
  1425 | D:1      | Learned a level 2 spell: Searing Ray
  1429 | D:1      | Learned a level 3 spell: Dazzling Spray
  1538 | D:2      | Reached skill level 5 in Spellcasting
  1644 | D:2      | Found a bloodstained altar of Trog.
  2102 | D:2      | Found a glowing golden altar of the Shining One.
  2234 | D:2      | Found a shimmering altar of Xom.
  2254 | D:2      | Reached skill level 6 in Spellcasting
  2254 | D:2      | Reached XP level 4. HP: 24/24 MP: 8/14
  2685 | D:2      | Found a glowing golden altar of the Shining One.
  2702 | D:2      | Found a bloodstained altar of Trog.
  2778 | D:2      | Found a shimmering altar of Xom.
  3321 | D:3      | Reached skill level 5 in Conjurations
  3551 | D:3      | Found a shadowy altar of Dithmenos.
  3668 | D:3      | Found an opulent altar of Gozag.
  3673 | D:3      | Found a blossoming altar of Fedhas.
  3674 | D:3      | Found a shattered altar of Ashenzari.
  3675 | D:3      | Found a deep blue altar of Sif Muna.
  3675 | D:3      | Found a shimmering altar of Xom.
  3745 | D:3      | Reached XP level 5. HP: 28/28 MP: 4/15
  3752 | D:3      | Learned a level 5 spell: Iskenderun's Battlesphere
  3858 | D:3      | Noticed Ijyb
  3870 | D:3      | Killed Ijyb
  4111 | D:3      | Found a sacrificial altar of Ru.
  4238 | D:3      | Found a sacrificial altar of Ru.
  4314 | D:3      | Found a shadowy altar of Dithmenos.
  4385 | D:3      | Found an opulent altar of Gozag.
  4388 | D:3      | Found a blossoming altar of Fedhas.
  4389 | D:3      | Found a shattered altar of Ashenzari.
  4390 | D:3      | Found a deep blue altar of Sif Muna.
  4390 | D:3      | Found a shimmering altar of Xom.
  4949 | D:4      | Reached XP level 6. HP: 29/32 MP: 10/17
  4950 | D:4      | Found a snail-covered altar of Cheibriados.
  5143 | D:4      | Reached skill level 5 in Charms
  5327 | D:4      | Noticed a phantom
  5329 | D:4      | Reached XP level 7. HP: 36/36 MP: 4/18
  5493 | D:4      | Killed a phantom
  5493 | D:4      | Reached skill level 7 in Conjurations
  5517 | D:4      | Noticed an ogre
  5518 | D:4      | Killed an ogre
  5599 | D:4      | Noticed an ogre
  5604 | D:4      | Killed an ogre
  6130 | D:4      | Reached skill level 8 in Spellcasting
  6152 | D:4      | Found a snail-covered altar of Cheibriados.
  6317 | D:5      | Entered Level 5 of the Dungeon
  6337 | D:5      | Reached XP level 8. HP: 41/41 MP: 13/22
  6382 | D:5      | Reached skill level 9 in Spellcasting
  6528 | D:5      | Found Uvysucul's Book Emporium.
  6551 | D:5      | Learned a level 3 spell: Conjure Flame
  6556 | D:5      | Learned a level 4 spell: Sticky Flame
  6562 | D:5      | Learned a level 5 spell: Fireball
  7005 | D:5      | Reached skill level 10 in Spellcasting
  7066 | D:5      | Reached skill level 1 in Fire Magic
  7387 | D:5      | Found Gyuxej's Book Emporium.
  7594 | D:6      | Found a basalt altar of Yredelemnul.
  7594 | D:6      | Found an ancient bone altar of Kikubaaqudgha.
  7715 | D:6      | Reached skill level 5 in Fire Magic
  7862 | D:6      | Reached XP level 9. HP: 34/45 MP: 1/25
  8163 | D:6      | Got an emerald-encrusted ring mail
  8174 | D:6      | Identified the +6 ring mail of Posiq {-Tele Str+6 Dex+4} (You found it on level 6 of the Dungeon)
  8374 | D:6      | Reached skill level 1 in Armour
  8471 | D:6      | Hit by a javelin thrown by an orc warrior

Vault maps used:
D:1:      dpeg_arrival_prison
D:2:      tso_oasis_becter, bloody_trog, xom_teletrap_fun
D:3:      minitemple, lemuel_crystal_altar, lemuel_coloured_pillars_altar,
          uniq_iyjb
D:4:      old_standard_altar
D:5:      first_bread, serial_shops, shop, columned_hall_lemuel
D:6:      grunt_temple_overflow_open

Action                   |  1- 3 |  4- 6 |  7- 9 || total
-------------------------+-------+-------+-------++-------
Melee: Hand axe          |     5 |     6 |       ||    11
 Cast: Magic Dart        |    88 |    85 |   119 ||   292
       Searing Ray       |       |    31 |     9 ||    40
       Iskenderun's Batt |       |     5 |    26 ||    31
  Use: Scroll            |       |     2 |     7 ||     9
  Eat: Chunk             |     4 |     9 |    11 ||    24
       Meat ration       |       |       |     1 ||     1
